 Dungeon Crawl Stone Soup version 0.19.1 (webtiles) character file.

155 Host24 the Bolt Thrower (level 5, -1/34 HPs)
             Began as a Kobold Hunter on Dec 31, 2016.
             Slain by an orc
             ... wielding a cursed +0 falchion
              (3 damage)
             ... on level 3 of the Dungeon.
             The game lasted 00:04:54 (4304 turns).

Host24 the Bolt Thrower (Kobold Hunter)             Turns: 4304, Time: 00:04:55

Health: -1/34      AC:  4    Str: 10    XL:     5   Next: 63%
Magic:  5/5        EV: 15    Int: 12    God:
Gold:   145        SH:  0    Dex: 16    Spells: 0 memorised, 4 levels left

rFire  . . .     SeeInvis .     a - +1 hand crossbow
rCold  . . .     Gourm    .     c - +0 leather armour
rNeg   . . .     Faith    .     (shield restricted)
rPois  .         Spirit   .     (no helmet)
rElec  .         Reflect  .     (no cloak)
rCorr  .         Harm     .     (no gloves)
MR     .....                    o - +0 pair of boots
Stlth  ++........               (no amulet)
                                (no ring)
                                (no ring)

@: no status effects
A: carnivore 3
a: no special abilities


You were on level 3 of the Dungeon.
You were very full.

You visited 1 branch of the dungeon, and saw 3 of its levels.

You collected 145 gold pieces.

Inventory:

Hand Weapons
 a - a +1 hand crossbow (weapon)
 b - a +0 short sword
Missiles
 d - 62 bolts (quivered)
 g - 60 arrows
 i - 109 stones
 k - 22 sling bullets
 p - 2 tomahawks
Armour
 c - a +0 leather armour (worn)
 o - a +0 pair of boots (worn)
Jewellery
 n - an uncursed ring of ice {unknown}
 q - an uncursed ring of see invisible {unknown}
 t - an uncursed ring of protection from magic {unknown}
Scrolls
 e - 2 scrolls of fog {unknown}
 h - a scroll of immolation {unknown}
 m - 2 scrolls of teleportation {unknown}
 r - 3 scrolls of remove curse {unknown}
 s - a scroll of amnesia {unknown}
 u - a scroll of noise {unknown}
Potions
 j - a potion of curing {unknown}
 l - 3 potions of brilliance {unknown}
Comestibles
 f - 3 meat rations
 v - 3 chunks of flesh


   Skills:
 + Level 4.4 Fighting
 - Level 6.0 Crossbows
 - Level 3.2 Dodging
 - Level 1.3 Stealth


You had 4 spell levels left.
You didn't know any spells.

Dungeon Overview and Level Annotations

Branches:
Dungeon (3/15)

Altars:
Xom


Innate Abilities, Weirdness & Mutations

You are small and have problems with some larger weapons.
You are carnivorous and can eat meat at any time.


Message History

You kill the orc!
Firing (i - inventory. (,) - cycle):
d - 65 bolts (quivered)
Press: ? - help, Shift-Dir - straight line, f - orc
Aim: an orc, wielding a falchion You shoot a bolt.
The bolt barely misses the orc.
The bolt hits the orc!
You kill the orc!
The orc hits you with a falchion!
* * * LOW HITPOINT WARNING * * *
Firing (i - inventory. (,) - cycle):
d - 64 bolts (quivered)
Press: ? - help, Shift-Dir - straight line, f/p - orc
Aim: an orc, wielding a falchion You shoot a bolt.
The bolt hits the orc.
The orc is moderately wounded.
The orc barely misses you.
Firing (i - inventory. (,) - cycle):
d - 63 bolts (quivered)
Press: ? - help, Shift-Dir - straight line, f/p - orc
Aim: an orc, wielding a falchion (moderately wounded)
You shoot a bolt. The bolt barely misses the orc.
The orc closely misses you. The orc hits you with a falchion.
You die...

#.#..#.............# #.#.###.
#.##...#####.#####.# #.#.# #)
#.###.## #.# #.#.###. #..##.# #.#
######..... ##...#.# #.# ###
##≈≈≈≈###... ##......# #.#
#.###≈≈≈≈≈≈###.. #.......## #.#
#....≈≈.........
.........#####.###...≈≈..........
................@o(.≈..(.≈≈......
##.....######..###..≈..≈≈..†.....
#....## #.#.. ##...≈≈....≈.....
#.#.## #... #.o.....⌠≈≈......
#.#.# ##.o##......≈≈⌠.......
#.#.# #.(o.....≈....≈≈.... #.#.#
#..###....≈..≈≈..≈... #.#.. ..
#...# #.....≈≈....≈... #.###
#.#.##.# #.........≈≈.


You could see an orc.

Vanquished Creatures
  3 gnolls (D:2)
  3 adders
  An ooze (D:2)
  3 worms
  2 dart slugs
  3 leopard geckos
  2 orcs (D:3)
  A ball python (D:2)
  5 bats
  8 giant cockroaches
  3 hobgoblins
  12 jackals
  A quokka (D:2)
  3 frilled lizards
  8 goblins
  9 kobolds
  9 rats
76 creatures vanquished.

Notes
Turn   | Place    | Note
-------+----------+-------------------------------------------
     0 | D:1      | Host24 the Kobold Hunter began the quest for the Orb.
     0 | D:1      | Reached XP level 1. HP: 12/12 MP: 1/1
   400 | D:1      | Reached XP level 2. HP: 8/19 MP: 2/2
   924 | D:1      | Reached XP level 3. HP: 11/23 MP: 3/3
  1253 | D:1      | Reached skill level 5 in Crossbows
  2016 | D:2      | Reached XP level 4. HP: 10/28 MP: 4/4
  2400 | D:2      | Reached skill level 6 in Crossbows
  2764 | D:2      | Reached XP level 5. HP: 15/32 MP: 5/5
  3670 | D:3      | Found a shimmering altar of Xom.
  3760 | D:3      | Found a faded altar of an unknown god.
  4302 | D:3      | HP: 1/34 [orc/falchion (7)]
  4304 | D:3      | Slain by an orc

Skill      XL: |  1  2  3  4  5 |
---------------+----------------+-----
Fighting       | 3 4 |  4.4
Dodging        | 3 |  3.2
Crossbows      | 5 6 |  6.0
Stealth        | |  1.3

Action                   |  1- 3 |  4- 6 || total
-------------------------+-------+-------++-------
Melee: Short sword       |   147 |   223 ||   370
 Fire: Hand crossbow     |     6 |    23 ||    29
 Stab: Sleeping          |     2 |       ||     2
       Distracted        |       |     1 ||     1
  Eat: Chunk             |    12 |     7 ||    19
Armor: Leather armour    |    37 |    33 ||    70
Dodge: Dodged            |   126 |   204 ||   330
